 Dungeon Crawl Stone Soup version 0.32-a0-473-gd044c6f0f0 (webtiles) character file.

Game seed: 1895720843249194935

25891 bjtr the Geomancer (level 13, -22/54 HPs)
             Began as a Vine Stalker Earth Elementalist on Feb 26, 2024.
             Was an Elder of Hepliaklqana.
             Annihilated by a death knight
             ... wielding a +3 glaive
              (25 damage)
             ... on level 15 of the Dungeon.
             The game lasted 01:31:27 (12705 turns).

bjtr the Geomancer (VSEE)                          Turns: 12705, Time: 01:31:29

Health: -22/54     AC: 10    Str: 10    XL:     13   Next: 22%
Magic:  0/27       EV: 18    Int: 25    God:    Hepliaklqana [****..]
Gold:   968        SH:  9    Dex: 21    Spells: 10/30 levels left

rFire   + + .        a - +4 quick blade of Koiduurph {elec, rF++ rC- Dex+4}
rCold   x . .        d - +2 buckler "Gifuwean" {rElec rC- rN++ rCorr}
rNeg    + + .        q - +1 leather armour {rC+}
rPois   .            y - +0 helmet
rElec   +            p - +0 cloak
rCorr   +            e - +1 pair of gloves
SInv    .            o - +0 pair of boots
Will    +....        n - amulet of magic regeneration
Stlth   +++          z - +6 ring of intelligence
HPRegen 1.09/turn    Q - +5 ring of evasion
MPRegen 0.60/turn

%: guardian spirit
@: no status effects
A: reduced essence, fangs 3, regeneration 1, magic shield, antimagic bite, no
potion heal 2
a: Renounce Religion, Recall Ancestor, Ancestor Identity, Transference, Idealise


You were on level 15 of the Dungeon.
You worshipped Hepliaklqana.
Hepliaklqana was greatly pleased with you.
You visited 2 branches of the dungeon, and saw 16 of its levels.

You collected 968 gold pieces.

Inventory:

Hand Weapons
 a - the +4 quick blade of Koiduurph (weapon) {elec, rF++ rC- Dex+4}
   (You acquired it on level 12 of the Dungeon)

   Dex+4:     It affects your dexterity (+4).
   rF++:      It greatly protects you from fire.
   rC-:       It makes you vulnerable to cold.
 b - a +1 sling of electrocution
 r - a +2 trident of protection
 F - a +3 scimitar
 H - the +7 mace of Rien Fun {heavy, ^Fragile rPois rF+++ Will+}
   (You found it on level 8 of the Dungeon)

   rF+++:     It renders you almost immune to fire.
   rPois:     It protects you from poison Will+: It increases your willpower.
   ^Fragile:  It will be destroyed if unequipped.
 K - a +4 short sword
Missiles
 g - 17 poisoned darts
 m - a curare-tipped dart (quivered)
 O - 7 javelins
Armour
 c - a +0 troll leather armour
 d - the +2 buckler "Gifuwean" (worn) {rElec rC- rN++ rCorr}
   (You acquired it on level 5 of the Dungeon)

   rC-:       It makes you vulnerable to cold.
   rElec:     It insulates you from electricity.
   rN++:      It greatly protects you from negative energy.
   rCorr:     It protects you from acid and corrosion.
 e - a +1 pair of gloves (worn)
 o - a +0 pair of boots (worn)
 p - a +0 cloak (worn)
 q - a +1 leather armour of cold resistance (worn)
 y - a +0 helmet (worn)
 D - the +1 leather armour "Ceixt" {Harm +Blink rPois rF-}
   (You found it on level 9 of the Dungeon)

   rF-:       It makes you vulnerable to fire.
   rPois:     It protects you from poison +Blink: It lets you blink.
   Harm:      It increases damage dealt and taken.
 G - a +1 hat
Jewellery
 n - an amulet of magic regeneration (around neck)
 x - a ring of fire
 z - a +6 ring of intelligence (left hand)
 B - a ring of ice
 Q - a +5 ring of evasion (right hand)
 S - a ring of poison resistance
Wands
 s - a wand of polymorph (9)
 w - a wand of quicksilver (14)
 E - a wand of mindburst (18)
 I - a wand of digging (3)
 L - a wand of flame (8)
 W - a wand of paralysis (7)
Scrolls
 f - 6 scrolls of teleportation
 v - 2 scrolls of noise
 V - a scroll of torment
Potions
 h - 3 potions of might
 j - 4 potions of brilliance
 k - 4 potions of curing
 l - 2 potions of heal wounds
 t - a potion of mutation {unknown}
 u - a potion of resistance {unknown}
 C - a potion of degeneration {unknown}
 J - a potion of haste {unknown}
 P - a potion of lignification {unknown}
 U - 2 potions of cancellation
 X - a potion of berserk rage {unknown}
 Z - a potion of attraction {unknown}


   Skills:
 + Level 4.0 Fighting
 * Level 9.0 Short Blades
 + Level 3.9 Armour
 + Level 3.6 Dodging
 + Level 5.2 Stealth
 + Level 6.8 Shields
 + Level 9.2 Spellcasting
 + Level 7.4 Conjurations
 + Level 12.0 Earth Magic
 + Level 0.3 Evocations


You had 10 spell levels left.
You knew the following spells:

 Your Spells              Type           Power      Damage    Failure   Level
a - Sandblast             Erth           100%       2d20      1%          1
b - Stone Arrow           Conj/Erth      100%       3d13      1%          3
c - Passwall              Erth           64%        N/A       1%          3
d - Brom's Barrelling Bo  Conj/Erth      56%        2d7       1%          4
e - Petrify               Alch/Erth      41%        N/A       9%          4
f - Borgnjor's Vile Clut  Necr/Erth      20%        N/A       22%         5

Your spell library contained the following spells:

 Spells                   Type           Power      Damage    Failure   Level
 Foxfire                  Conj/Fire      100%       2x1d9     1%          1
 Kiss of Death            Conj/Necr      100%       2d13      1%          1
 Sting                    Conj/Alch      100%       1d9       1%          1
 Hailstorm                Conj/Ice       30%        3d8       6%          3
 Freeze                   Ice            44%        1d6       10%         1
 Necrotise                Necr           44%        1d6       10%         1
 Iskenderun's Battlesphe  Conj           48%        2d10      13%         5
 Mercury Vapours          Alch/Air       22%        N/A       14%         2
 Bombard                  Conj/Erth      28%        9d5       26%         6
 Confusing Touch          Hex            11%        N/A       28%         3
 Frozen Ramparts          Ice            22%        1d4       28%         3
 Summon Ice Beast         Ice/Summ       11%        N/A       28%         3
 Vampiric Draining        Necr           11%        2d6       28%         3
 Anguish                  Hex/Necr       5%         N/A       67%         4
 Cause Fear               Hex            5%         N/A       67%         4
 Dispel Undead            Necr           11%        3d9       67%         4
 Martyr's Knell           Necr/Summ      11%        N/A       67%         4
 Olgreb's Toxic Radiance  Alch           11%        N/A       67%         4
 Alistair's Intoxication  Alch           7%         N/A       95%         5
 Curse of Agony           Necr           11%        N/A       95%         5
 Starburst                Conj/Fire      15%        6d6       97%         6
 Eringya's Noxious Bog    Alch           5%         4d6       100%        6
 Plasma Beam              Fire/Air       5%         2x1d16    100%        6
 Sculpt Simulacrum        Ice/Alch       5%         N/A       100%        6
 Enfeeble                 Hex            5%         N/A       100%        7
 Spellforged Servitor     Conj/Summ      15%        N/A       100%        7


Dungeon Overview and Level Annotations

Branches:
Dungeon (15/15)            Temple (1/1) D:6            Lair (0/5) D:9
    Orc (0/2) D:9          Vaults (0/5) D:13         Depths (0/4) D:15

Altars:
Ashenzari
Cheibriados
Dithmenos
Elyvilon
Fedhas
Gozag
Hepliaklqana
Kikubaaqudgha
Makhleb
Nemelex Xobeh
Okawaru
Qazlal
Ru
Sif Muna
Trog
Uskayaw
Vehumet
Wu Jian
Xom
Yredelemnul
Zin
The Shining One
Jiyva

Shops:
D:4 [


Innate Abilities, Weirdness & Mutations

Your life essence is reduced to manifest your ancestor. (-10% HP)
You have razor-sharp teeth.
Your natural rate of healing is unusually fast.
When hurt, damage is shared between your health and your magic reserves.
Your bite disrupts and absorbs the magic of your enemies.
Potions cannot restore your health.


Message History

The death knight is lightly wounded.
The death knight reflects your damage back at you!
The death knight hits you with a +3 glaive!!
You hit the death knight.
You bite the death knight, but do no damage.
You puncture the death knight!
You bite the death knight, but do no damage.
The death knight is moderately wounded.
The death knight reflects your damage back at you!
Ydyp gestures at the death knight while chanting.
The stone arrow hits the death knight!!
Ydyp suffers a backlash!
The death knight hits Ydyp from afar with a +3 glaive!
Ydyp is destroyed!
The death knight shouts!
Unknown command.
You hit the death knight but do no damage.
You bite the death knight, but do no damage.
You hit the death knight. You bite the death knight. You drain its power.
You feel invigorated.
The death knight is severely wounded.
The death knight reflects your damage back at you!
Unknown command.
You hit the death knight but do no damage.
You bite the death knight. You drain its power.
You feel invigorated.
You hit the death knight.
The death knight is severely wounded.
The death knight reflects your damage back at you!
* * * LOW HITPOINT WARNING * * *
The death knight hits you with a +3 glaive!!
* * * LOW HITPOINT WARNING * * *
You hit the death knight but do no damage.
Your bite misses the death knight. You puncture the death knight!
Your bite misses the death knight.
The death knight is almost dead.
The death knight reflects your damage back at you!
* * * LOW HITPOINT WARNING * * *
The death knight hits you with a +3 glaive!!
You die...
Hepliaklqana delivers you to your ancestors.

##.##J#.#
#.##J#.#
#...[..#
##.####J###
.c........#
##.####.#.#
#.#.#
#.#.#####
..#..@p.#
#######.# #


You could see a death knight (reflects damage).

Vanquished Creatures
  Rupert (D:12)
  Gastronok (D:8)
  An ettin (D:13)
  2 centaur warriors
  The ghost of Sobieck the Basher, a novice MDRe of Cheibriados (D:10)
  A two-headed ogre (D:9)
  Nergalle (D:11)
  Amaemon (D:8)
  A deep troll (D:13)
  2 cyclopes
  2 manticores
  4 slime creatures
  2 gargoyles
  Joseph (D:8)
  An unseen horror (D:11)
  An orange demon (D:8)
  2 komodo dragons
  Psyche (D:11)
  A hornet (D:9)
  2 trolls (D:12)
  Prince Ribbit (D:8)
  A spriggan (D:13)
  Sigmund (D:3)
  A vampire (D:13)
  A shadow (D:13)
  3 wraiths (D:12)
  A wyvern (D:9)
  6 yaks (D:10)
  4 steam dragons
  Menkaure (D:5)
  4 vampire mosquitoes (D:11)
  An acid dragon (D:10)
  5 water moccasins
  5 orc warriors
  A black bear (D:9)
  3 sky beasts
  An ogre (D:4)
  6 centaurs
  2 phantoms (D:5)
  2 kobold brigands (D:9)
  5 scorpions
  7 bullfrogs
  A gnoll sergeant (D:9)
  10 wights
  9 howler monkeys
  A bombardier beetle (D:3)
  4 hounds
  3 jellies (D:10)
  8 orc priests
  Crazy Yiuf (D:5)
  2 sleepcaps
  Terence (D:3)
  An iguana (D:6)
  6 orc wizards
  8 adders
  A white imp (D:8)
  2 ufetubi (D:6)
  7 dart slugs
  3 ribbon worms
  32 orcs
  9 endoplasms
  3 giant cockroaches
  4 goblins
  11 hobgoblins
  6 jackals (D:1)
  13 kobolds
  A quokka (D:4)
  6 ball pythons
  3 bats
  A frilled lizard (D:1)
  3 rats
251 creatures vanquished.

Vanquished Creatures (collateral kills)
  A tengu warrior (D:11)
  2 two-headed ogres
  A shadow wraith (D:13)
  A lindwurm (D:13)
  A deep elf pyromancer (D:11)
  A cyclops (D:12)
  An ugly thing (D:11)
  A cane toad (shapeshifter) (D:13)
  A slime creature (D:13)
  2 wraiths
  A shadow (D:13)
  A yak (D:9)
  A naga (shapeshifter) (D:13)
  A water moccasin (D:9)
  An acid dragon (D:10)
  4 centaurs
  An orc priest (D:10)
  6 orc wizards
  11 orcs
  A kobold (D:9)
  41 boulders
81 creatures vanquished.

Vanquished Creatures (others)
  14 battlemagi
  4 ancestors
  58 boulders
76 creatures vanquished.

Grand Total: 408 creatures vanquished

Notes
Turn   | Place    | Note
-------+----------+-------------------------------------------
     0 | D:1      | bjtr the Vine Stalker Earth Elementalist began the quest
                  | for the Orb.
     0 | D:1      | Reached XP level 1. HP: 9/9 MP: 4/4
    76 | D:1      | Reached XP level 2. HP: 13/13 MP: 4/6
   325 | D:1      | Found a faded altar of an unknown god.
   366 | D:1      | Reached XP level 3. HP: 16/16 MP: 5/7
   634 | D:2      | Reached skill level 4 in Earth Magic
  1033 | D:2      | Reached XP level 4. HP: 17/21 MP: 4/9
  1853 | D:3      | Noticed Terence
  2010 | D:3      | Learned a level 3 spell: Stone Arrow
  2079 | D:3      | Found a hazy altar of Hepliaklqana.
  2079 | D:3      | Found an iron altar of Okawaru.
  2191 | D:3      | Found a stormy altar of Qazlal.
  2198 | D:3      | Found a blossoming altar of Fedhas.
  2295 | D:3      | You fall into a shaft and drop 3 floors!
  2302 | D:6      | Noticed a scorpion
  2308 | D:6      | Reached XP level 5. HP: 25/25 MP: 8/10
  2310 | D:6      | Reached skill level 1 in Fighting
  2310 | D:6      | Reached skill level 1 in Short Blades
  2321 | D:5      | Entered Level 5 of the Dungeon
  2398 | D:4      | Reached skill level 5 in Earth Magic
  2441 | D:3      | Killed Terence
  2442 | D:3      | Reached XP level 6. HP: 30/30 MP: 2/12
  2721 | D:3      | Found a shimmering blue altar of Sif Muna.
  2968 | D:3      | Learned a level 3 spell: Passwall
  2973 | D:3      | Learned a level 4 spell: Brom's Barrelling Boulder
  2979 | D:3      | Noticed Sigmund
  3264 | D:3      | Killed Sigmund
  3265 | D:3      | Reached XP level 7. HP: 34/34 MP: 4/13
  3674 | D:4      | Found Upurock's Armour Emporium.
  3864 | D:5      | Identified a scroll of acquirement
  3864 | D:5      | Acquired the +2 buckler "Gifuwean" {rElec rC- rN++ rCorr}
  3924 | D:5      | Reached skill level 6 in Earth Magic
  4074 | D:5      | Reached skill level 1 in Armour
  4085 | D:5      | Reached skill level 1 in Shields
  4170 | D:5      | Found a runed translucent door.
  4171 | D:5      | Noticed Crazy Yiuf
  4177 | D:5      | Killed Crazy Yiuf
  4293 | D:5      | Gained mutation: You have razor-sharp teeth. [Vine Stalker
                  | growth]
  4293 | D:5      | Reached XP level 8. HP: 37/39 MP: 8/15
  4545 | D:5      | Noticed Menkaure
  4548 | D:5      | Killed Menkaure
  4757 | D:6      | Found an opulent altar of Gozag.
  4776 | D:6      | Reached skill level 7 in Earth Magic
  5014 | D:6      | Found a staircase to the Ecumenical Temple.
  5026 | Temple   | Entered the Ecumenical Temple
  5254 | D:3      | Became a worshipper of Hepliaklqana the Forgotten
  5375 | D:6      | Reached XP level 9. HP: 42/42 MP: 3/16
  5756 | D:6      | Reached skill level 8 in Earth Magic
  6061 | D:7      | Reached skill level 5 in Spellcasting
  6166 | D:7      | Found a burning altar of Makhleb.
  6308 | D:7      | Reached * piety under Hepliaklqana
  6633 | D:8      | Noticed an orange demon
  6635 | D:8      | Noticed Amaemon
  6645 | D:8      | Killed an orange demon
  6646 | D:8      | Reached skill level 5 in Short Blades
  6646 | D:8      | Reached skill level 9 in Earth Magic
  6646 | D:8      | Reached XP level 10. HP: 42/42 MP: 15/19
  6648 | D:8      | Killed Amaemon
  6783 | D:8      | Noticed Prince Ribbit
  6881 | D:8      | Noticed Gastronok
  6887 | D:8      | Noticed Joseph
  6944 | D:8      | Killed Joseph
  7120 | D:8      | Killed Prince Ribbit
  7146 | D:8      | Reached skill level 5 in Shields
  7146 | D:8      | Killed Gastronok
  7147 | D:8      | Reached skill level 10 in Earth Magic
  7267 | D:8      | Learned a level 4 spell: Petrify
  7340 | D:8      | Identified the +7 mace of Rien Fun {heavy, ^Fragile rPois
                  | rF+++ Will+}
  7601 | D:9      | Found a staircase to the Orcish Mines.
  7668 | D:9      | Reached XP level 11. HP: 45/45 MP: 15/21
  7674 | D:9      | Found a staircase to the Lair.
  7744 | D:9      | Identified the +1 leather armour "Ceixt" {Harm +Blink rPois
                  | rF-}
  7869 | D:9      | Reached ** piety under Hepliaklqana
  7870 | D:9      | Remembered your ancestor Ydyp as a battlemage
  8299 | D:9      | Noticed a two-headed ogre
  8350 | D:9      | Killed a two-headed ogre
  8394 | D:9      | Found a white marble altar of Elyvilon.
  8394 | D:9      | Found a glowing silver altar of Zin.
  8394 | D:9      | Found a glowing golden altar of the Shining One.
  8611 | D:10     | Entered Level 10 of the Dungeon
  8767 | D:10     | Reached skill level 11 in Earth Magic
  8928 | D:10     | Found a runed translucent gate.
  8930 | D:10     | Found a runed translucent gate.
  8930 | D:10     | Noticed Sobieck's ghost (novice MDRe)
  8931 | D:10     | Found a runed translucent gate.
  9267 | D:10     | Found a viscous altar of Jiyva.
  9368 | D:10     | Killed Sobieck's ghost
  9516 | D:11     | Noticed Psyche
  9517 | D:11     | Noticed a tengu warrior
  9532 | D:11     | Killed a tengu warrior
  9537 | D:11     | Killed Psyche
  9538 | D:11     | Reached skill level 5 in Conjurations
  9548 | D:11     | Noticed a green ugly thing
  9558 | D:11     | Killed a green ugly thing
  9675 | D:11     | Reached XP level 12. HP: 49/50 MP: 22/24
  9771 | D:11     | Noticed Nergalle
  9782 | D:11     | Killed Nergalle
 10186 | D:11     | Reached *** piety under Hepliaklqana
 10841 | D:12     | Noticed Rupert
 10916 | D:12     | Killed Rupert
 10946 | D:12     | Acquired the +4 quick blade of Koiduurph {elec, rF++ rC-
                  | Dex+4}
 11336 | D:12     | Noticed a two-headed ogre
 11342 | D:12     | Killed a two-headed ogre
 11615 | D:13     | Noticed a two-headed ogre
 11623 | D:13     | Killed a two-headed ogre
 11749 | D:13     | Noticed a centaur warrior
 11752 | D:13     | Killed a centaur warrior
 11813 | D:13     | Noticed an ettin
 12003 | D:13     | Found a gate to the Vaults.
 12045 | D:13     | Reached XP level 13. HP: 54/54 MP: 26/26
 12171 | D:13     | Learned a level 5 spell: Borgnjor's Vile Clutch
 12299 | D:13     | Killed an ettin
 12300 | D:13     | Reached skill level 12 in Earth Magic
 12346 | D:13     | Reached skill level 5 in Stealth
 12434 | D:14     | Reached **** piety under Hepliaklqana
 12535 | D:14     | Noticed a rakshasa
 12624 | D:15     | Entered Level 15 of the Dungeon
 12684 | D:15     | Found a staircase to the Depths.
 12684 | D:15     | Noticed a broodmother
 12705 | D:15     | HP: 2/54 [mirror damage (3)]
 12705 | D:15     | Annihilated by a death knight

Illustrated notes

Levels and vault maps discovered:
D:1:      scummos_arrival_simple_crosswalls, layout_rooms,
          hellmonk_ecumenical_altar_slurped_away
D:2:      layout_loops_corners, hangedman_decor_lopped, kennysheep_nondescript,
          chequers_serial_rivers_marsh
D:3:      layout_basic, mainiacjoe_overflow_boulevard,
          grunt_temple_overflow_open, chequers_serial_rivers_micro_d,
          kennysheep_big_empty_room, uniq_sigmund, uniq_terence
D:4:      kennysheep_slugbush, layout_cave_pools, serial_shops, shop
D:5:      layout_loops_ring, uniq_menkaure, uniq_crazy_yiuf_cottage
D:6:      layout_basic, grunt_gozag_statues, minmay_temple_entry_arrows,
          minmay_quadrilaterals
D:7:      layout_basic, makhleb_blood_cavern_becter, grunt_decor_arrowhead
D:8:      layout_loops_ring, uniq_gastronok, uniq_joseph, uniq_prince_ribbit1,
          uniq_amaemon
D:9:      layout_loops_ring, good_gods_mini_temple, due_lair_maze_entry_diamond,
          orc_0_dummy, minmay_tree_intersection, nicolae_two_hexagons,
          kennysheep_generic_room_5
D:10:     layout_roguey, gammafunk_ghost_ooze
D:11:     layout_loops_cross, item_on_display_a, uniq_psyche, uniq_nergalle
D:12:     layout_small_grid, dreamdust_wishing_well, uniq_rupert
D:13:     layout_roguey, david_vaults_4, the_hattery
D:14:     layout_roguey, serial_aquarium, aquarium_bridge_island_small
          [aquarium_subvault_small_open, aquarium_subvault_balcony,
          aquarium_subvault_bridge, aquarium_subvault_bridge,
          aquarium_subvault_balcony], aquarium_bridge_square
          [aquarium_subvault_bridge, aquarium_subvault_wall,
          aquarium_subvault_wall, aquarium_subvault_bridge], aquarium_window_2,
          aquarium_window_2, aquarium_window_corridor_2, aquarium_window_fake,
          aquarium_view_2e, aquarium_balcony_1a, aquarium_pool_2
D:15:     hangedman_depths_entry_try_elsewhere_first, layout_loops_cross
Temple:   nicolae_temple_bog_church

Skill      XL: |  1  2  3  4  5  6  7  8  9 10 11 12 13 |
---------------+----------------------------------------+-----
Earth Magic    | 4 5 6 7 9 10 11 12 | 12.0
Spellcasting   | 3 4 5 6 7 8 9 |  9.2
Fighting       | 1 2 3 4 |  4.0
Short Blades   | 1 2 3 5 7 8 9 |  9.0
Dodging        | 2 3 |  3.6
Stealth        | 3 4 5 |  5.2
Armour         | 1 2 3 |  3.9
Shields        | 2 3 4 5 6 |  6.8
Conjurations   | 2 3 5 7 |  7.4
Evocations     | |  0.3

Action                     |  1- 3 |  4- 6 |  7- 9 | 10-12 | 13-15 || total
---------------------------+-------+-------+-------+-------+-------++-------
  Melee: Dagger            |    43 |    48 |     3 |       |       ||    94
         Bite              |    15 |    18 |    61 |   141 |    22 ||   257
         Short sword       |       |       |   179 |   267 |       ||   446
         Quick blade       |       |       |       |    61 |    48 ||   109
  Throw: Dart              |       |       |       |     1 |       ||     1
   Cast: Sandblast         |    27 |    29 |    42 |     7 |       ||   105
         Stone Arrow       |       |     9 |    28 |    36 |    13 ||    86
         Brom's Barrelling |       |     1 |    13 |    99 |     6 ||   119
 Invoke: Ancestor Life: Ba |       |       |       |     1 |       ||     1
         Recall Ancestor   |       |       |       |     3 |       ||     3
  Evoke: Wand              |       |       |       |     2 |       ||     2
    Use: Scroll            |     1 |     2 |    12 |     5 |     4 ||    24
         Potion            |       |       |       |     1 |     2 ||     3
   Stab: Sleeping          |     2 |     1 |     2 |     5 |     1 ||    11
 Armour: Robe              |    16 |    38 |       |       |       ||    54
         Leather armour    |       |       |   127 |   173 |    31 ||   331
  Dodge: Dodged            |    38 |    40 |    72 |   164 |    14 ||   328
  Block: Buckler           |       |       |    57 |   115 |    20 ||   192

Table legend: (Time is in decaauts)
 A = Elapsed time spent in this place.
 B = Non-inter-level travel time spent in this place.
 C = Inter-level travel time spent in this place.
 D = Time resting spent in this place.
 E = Time spent auto-exploring this place.
 F = Levels seen in this place.
 G = Mean time per level.
                   A        B        C        D        E       F      G
               +--------+--------+--------+--------+--------+-----+--------+
         Total |  12679 |  12003 |    676 |   1307 |   7499 |  16 |  792.4 |
       Dungeon |  12657 |  11989 |    668 |   1307 |   7499 |  15 |  843.8 |
        Temple |     21 |     13 |      8 |      0 |      0 |   1 |   21.0 |
               +--------+--------+--------+--------+--------+-----+--------+

Top non-repeatable levels by time:
     D:3: 1686 daAuts
    D:11: 1234 daAuts
     D:2: 1097 daAuts
     D:6: 1075 daAuts
     D:9: 1007 daAuts
     D:8: 977 daAuts
    D:10: 929 daAuts
     D:5: 914 daAuts
    D:12: 842 daAuts
    D:13: 805 daAuts
     D:7: 687 daAuts
     D:1: 615 daAuts
     D:4: 549 daAuts
    D:14: 154 daAuts
    D:15: 79 daAuts
